 Dungeon Crawl Stone Soup version 0.18.1-8-gdd0e5ea (webtiles) character file.

1654 epen the Transmogrifier (level 9, -3/65 HPs)
             Began as a Merfolk Transmuter on May 21, 2016.
             Was a Believer of Nemelex Xobeh.
             Killed by nerve-wracking pain
             ... invoked by an orc priest
              (14 damage)
             ... on level 6 of the Dungeon.
             The game lasted 00:13:38 (8690 turns).

epen the Transmogrifier (Merfolk Transmuter)        Turns: 8690, Time: 00:13:39

Health: -3/65      AC:  6    Str: 11    XL:     9   Next: 0%
Magic:  5/14       EV: 15    Int: 20    God:    Nemelex Xobeh [**....]
Gold:   165        SH:  0    Dex: 14    Spells: 4 memorised, 4 levels left

rFire  . . .     SeeInvis .       - Unarmed
rCold  . . .     Gourm    .     E - +2 robe {MR+}
rNeg   . . .     Faith    .     (no shield)
rPois  .         Spirit   .     (no helmet)
rElec  .         Dismiss  .     (no cloak)
rCorr  .         Reflect  .     (no gloves)
SustAt .         Harm     .     (no boots)
MR     +....                    (no amulet)
Stlth  +.........               D - +2 ring of protection
                                j - +5 ring of intelligence (curse)

@: very slightly contaminated, somewhat resistant to hostile enchantments, very
unstealthy
A: change form in water, swift swim
a: Renounce Religion


You were on level 6 of the Dungeon.
You worshipped Nemelex Xobeh.
Nemelex Xobeh was pleased with you.
You were hungry.

You visited 1 branch of the dungeon, and saw 6 of its levels.

You collected 167 gold pieces.

Inventory:

Hand Weapons
 w - a +1 dagger of speed
Missiles
 s - 68 arrows
Armour
 b - a +0 robe
 E - a +2 robe of magic resistance (worn)
Jewellery
 j - a cursed +5 ring of intelligence (left hand)
 D - a +2 ring of protection (right hand)
Wands
 x - a wand of confusion (18/48)
 z - a wand of acid (10/15)
 A - a wand of confusion (20/48)
Scrolls
 e - 2 scrolls of teleportation {unknown}
 f - 2 scrolls of fog {unknown}
 g - 7 scrolls of identify {unknown}
 k - 2 scrolls of magic mapping {unknown}
 l - 5 scrolls of remove curse {unknown}
 p - 2 scrolls of enchant weapon {unknown}
 y - a scroll of noise {unknown}
 G - 2 scrolls of summoning {unknown}
Potions
 a - a potion of invisibility {unknown}
 h - a potion of resistance {unknown}
 m - a potion of flight {unknown}
 n - a potion of cure mutation {unknown}
 q - a potion of curing
 r - 2 potions of haste {unknown}
 B - 2 potions of lignification {unknown}
 F - a potion of degeneration {unknown}
Books
 c - a book of Changes

   Spells                             Type                      Level
   a - Beastly Appendage              Transmutation                1
   b - Sticks to Snakes               Transmutation                2
   c - Spider Form                    Transmutation/Poison         3
   d - Ice Form                       Ice/Transmutation            4
   e - Blade Hands                    Transmutation                5
Miscellaneous
 t - a plain deck of changes {drawn: 1}
 H - a plain deck of escape {drawn: 3}
Comestibles
 d - 2 bread rations
 i - 2 royal jellies
 o - 3 slices of pizza
 u - a chunk of flesh
 v - 4 fruits
 C - a beef jerky
 I - a meat ration


   Skills:
 + Level 4.2 Fighting
 + Level 5.7 Dodging
 * Level 7.2 Unarmed Combat
 + Level 3.9 Spellcasting
 * Level 8.3 Transmutations
 + Level 2.4 Evocations


You had 4 spell levels left.
You knew the following spells:

 Your Spells              Type           Power        Failure   Level  Hunger
a - Beastly Appendage     Trmt           #####.       1%          1    None
b - Sticks to Snakes      Trmt           #####...     1%          2    ##.....
c - Spider Form           Trmt/Pois      ###.......   10%         3    ###....
d - Blade Hands           Trmt           #####.....   14%         5    ######.


Dungeon Overview and Level Annotations

Branches:
Dungeon (6/15)             Temple (0/1) D:4

Altars:
Dithmenos
Gozag
Nemelex Xobeh
Qazlal
Trog
Yredelemnul


Message History

Your ball python bites the orc warrior but does no damage.
Your ball python constricts the orc warrior.
The orc warrior throws a steel tomahawk.
The steel tomahawk hits you!
* * * LOW HITPOINT WARNING * * *
The orc closely misses your ball python.
The orc hits your adder with a hand axe.
Your adder dies!
The orc warrior struggles to escape constriction.
You see here a steel tomahawk.
Read which item? (? for menu, Esc to quit)
Okay, then.
Drink which item? (? for menu, Esc to quit)
It was a potion of curing.
You feel better.
Your ball python bites the orc warrior but does no damage.
Your ball python constricts the orc warrior.
The orc priest calls down the wrath of Beogh upon you.
Pain shoots through your body!
You die...
Your body disappears without a glow.

......................#....#.# #
...........................#.#
...........................#.#
...........................#.#
...........oo...........####.####
......................#.# #.....
............o.........#.## #.....
......................#..# #.....
...........oo...@.....#..###.....
...............5......#....+.....
..........oS..........##.###.....
..........o.)o...[...###..##.....
.........<.((........#....##.....
.....................#...(##.####
.....................#....##.#
.....................#.....#.#
.....................#.....#.#


You could see 2 orc warriors, 2 orc priests, an orc wizard, a shadow imp, 3 orcs
and a friendly ball python.

Vanquished Creatures
  Edmund (D:6)
  2 black bears (D:6)
  An orc warrior (D:6)
  A phantom (D:6)
  The ghost of epen the Insei, an amateur MfTm (D:3)
  A giant frog (D:5)
  A jelly (D:5)
  5 orc wizards
  2 hounds
  3 orc priests
  2 centaur skeletons (D:6)
  A giant frog skeleton (D:6)
  An iguana (D:6)
  3 worker ants
  A worker ant zombie (D:6)
  4 gnolls (D:3)
  7 adders
  2 howler monkey skeletons
  A shadow imp (D:5)
  3 oozes
  An adder skeleton (D:5)
  2 worms
  4 dart slugs
  7 giant geckos
  28 orcs
  7 giant cockroaches
  13 goblins
  6 hobgoblins
  11 kobolds
  4 quokkas
  2 ball pythons
  8 bats
  4 giant newts
  7 rats
147 creatures vanquished.

Vanquished Creatures (collateral kills)
  Sigmund (D:4)
  An ogre (D:6)
  2 hounds (D:4)
  A worker ant (D:4)
  A hound skeleton (D:4)
  2 adders
  An ooze (D:1)
  An orc (D:6)
  A rat (D:1)
11 creatures vanquished.

Grand Total: 158 creatures vanquished

Notes
Turn   | Place    | Note
--------------------------------------------------------------
     0 | D:1      | epen the Merfolk Transmuter began the quest for the Orb.
     0 | D:1      | Reached XP level 1. HP: 15/15 MP: 3/3
    84 | D:1      | Reached skill level 3 in Transmutations
    84 | D:1      | Reached XP level 2. HP: 19/21 MP: 5/5
    88 | D:1      | Learned a level 2 spell: Sticks to Snakes
   713 | D:1      | Reached XP level 3. HP: 25/26 MP: 6/6
   718 | D:1      | Learned a level 3 spell: Spider Form
  1440 | D:2      | Reached skill level 4 in Transmutations
  1440 | D:2      | Reached XP level 4. HP: 24/33 MP: 2/7
  2008 | D:2      | Found a stormy altar of Qazlal.
  2282 | D:3      | Reached XP level 5. HP: 13/38 MP: 6/8
  2599 | D:3      | Noticed epen's ghost (amateur MfTm)
  2613 | D:3      | Killed epen's ghost
  3060 | D:3      | Found a sparkling altar of Nemelex Xobeh.
  3072 | D:3      | Became a worshipper of Nemelex Xobeh the Trickster
  3075 | D:3      | Noticed Nimeo
  3544 | D:3      | Reached skill level 5 in Transmutations
  3544 | D:3      | Reached XP level 6. HP: 23/46 MP: 8/10
  3849 | D:3      | Received a gift from Nemelex Xobeh
  4614 | D:4      | Found a staircase to the Ecumenical Temple.
  5236 | D:4      | Reached skill level 5 in Unarmed Combat
  5414 | D:4      | Found a shadowy altar of Dithmenos.
  5462 | D:4      | Noticed Sigmund
  5486 | D:4      | Killed Sigmund
  5486 | D:4      | Reached XP level 7. HP: 37/51 MP: 4/11
  5697 | D:4      | Reached skill level 6 in Transmutations
  5895 | D:4      | Learned a level 5 spell: Blade Hands
  5896 | D:5      | Entered Level 5 of the Dungeon
  5969 | D:5      | Reached * piety under Nemelex Xobeh
  6364 | D:5      | Reached skill level 1 in Evocations
  7051 | D:6      | Received a gift from Nemelex Xobeh
  7099 | D:6      | Reached XP level 8. HP: 39/58 MP: 13/13
  7226 | D:6      | Reached skill level 7 in Transmutations
  7610 | D:6      | Found an opulent altar of Gozag.
  7647 | D:6      | Found a bloodstained altar of Trog.
  7654 | D:6      | Reached skill level 5 in Dodging
  8196 | D:5      | Found a basalt altar of Yredelemnul.
  8441 | D:6      | Reached skill level 8 in Transmutations
  8474 | D:6      | Noticed Edmund
  8546 | D:6      | Killed Edmund
  8546 | D:6      | Reached XP level 9. HP: 44/65 MP: 8/14
  8619 | D:6      | Reached ** piety under Nemelex Xobeh
  8690 | D:6      | Killed from afar by an orc priest

Skill      XL: |  1  2  3  4  5  6  7  8 |
---------------+-------------------------+-----
Transmutations | 3 4 5 6 8 |  8.3
Dodging        | 3 4 5 |  5.7
Fighting       | 2 3 4 |  4.2
Unarmed Combat | 4 5 6 7 |  7.2
Spellcasting   | 3 |  3.9
Evocations     | 1 2 |  2.4

Action                   |  1- 3 |  4- 6 |  7- 9 || total
-------------------------+-------+-------+-------++-------
Melee: Unarmed           |   132 |   224 |   215 ||   571
       Punch             |     2 |     3 |     5 ||    10
       Headbutt          |       |     2 |       ||     2
       Dagger            |       |    41 |       ||    41
 Cast: Sticks to Snakes  |     6 |    13 |     5 ||    24
       Beastly Appendage |     1 |     4 |       ||     5
       Spider Form       |       |     4 |     1 ||     5
       Blade Hands       |       |       |     9 ||     9
Evoke: Deck              |       |     3 |     6 ||     9
  Use: Potion            |       |       |     1 ||     1
 Stab: Sleeping          |     1 |     2 |     2 ||     5
       Distracted        |     2 |       |       ||     2
  Eat: Chunk             |     2 |    13 |    15 ||    30
Armor: Robe              |    19 |    33 |    45 ||    97
       Skin              |       |     2 |       ||     2
Dodge: Dodged            |    83 |   172 |   152 ||   407
